Login

Vegas Golden Knights vs Anaheim Ducks

Created - 06 May 2024 at 23:10

Goals
1 2 3 OT1 SO T
Vegas Golden Knights 1 0 2 0 1 4
Anaheim Ducks 0 1 2 0 0 3
Shots
1 2 3 OT1 SO T
Vegas Golden Knights 11 22 7 1 3 41
Anaheim Ducks 12 15 11 0 3 38

GoalsPenalties
1st period
1. Vegas Golden Knights , Jack Eichel 11 (Brett Howden 2) at 9:14
Andrew Agozzino (ANA) for Interference (Minor) at 10:13
Radko Gudas (ANA) for Fighting (Major) at 17:12
Brayden McNabb (VGK) for Fighting (Major) at 17:12
Alec Martinez (VGK) for Interference (Minor) at 19:48
2nd period
2. Anaheim Ducks , Adam Henrique 14 (Frank Vatrano 15, Andrew Agozzino 9) at 16:56
Brett Howden (VGK) for Holding (Minor) at 9:43
3rd period
3. Anaheim Ducks , Trevor Zegras 12 (Troy Terry 26, Brock McGinn 5) at 1:57
4. Vegas Golden Knights , Nicolas Roy 12 (William Karlsson 21, Jonathan Marchessault 14) at 14:26
5. Anaheim Ducks , Adam Henrique 15 (Andrew Agozzino 10, Frank Vatrano 16) at 17:18
6. Vegas Golden Knights , Jack Eichel 12 (Alex Pietrangelo 12) at 19:22
Radko Gudas (ANA) for Roughing (Minor) at 2:33
Logan Thompson (VGK) for Slashing (Minor) at 8:08 - Alec Martinez served the penalty
Overtime #1
No Goal
Shootout
Vegas Golden Knights, Jack Eichel - Goal!
Anaheim Ducks, Troy Terry - Stopped by Logan Thompson
Vegas Golden Knights, Jonathan Marchessault - Stopped by Alex Stalock
Anaheim Ducks, Trevor Zegras - Shot Misses the Net
Vegas Golden Knights, Paul Cotter - Stopped by Alex Stalock
Anaheim Ducks, Adam Henrique - Shot Misses the Net
Goalie Stats
Logan Thompson (VGK), 35 saves from 38 shots - (0.921), W, 13-6-1, 65:00 minutes
Alex Stalock (ANA), 38 saves from 41 shots - (0.927), OTL, 3-1-1, 65:00 minutes
3 StarsOfficial
1 - Jack Eichel (VGK)
2 - Adam Henrique (ANA)
3 - Nicolas Roy (VGK)
Referees : Brandon Blandina and Mike Campbell
Linesman : Brad Kovachik and Shaun Morgan
Game Note
Radko Gudas and Brayden McNabb fight to a draw at 17:12 of 1st period
Alec Martinez is injured at 14:37 of 3rd period (Sore Right Knee)
Finance
Level 1 -- Attendance: 5375 (89.58%) -- Ticket Income $537,500
Level 2 -- Attendance: 4275 (85.50%) -- Ticket Income $256,500
Level 3 -- Attendance: 1556 (77.80%) -- Ticket Income $54,460
Level 4 -- Attendance: 3244 (81.10%) -- Ticket Income $81,100
Luxury Box -- Attendance: 943 (94.30%) -- Ticket Income $188,600
Game was played at the Honda Center.
Total Attendance: 15393 (85.52%)
Total Ticket Income: $1,118,160
Other Income: $547,898
Total Income: $1,666,058



Team Name Goals Shots Shots Attemp Shots Blocked PIM HIT PP PK FO%
Vegas Golden Knights 441721111210 / 2 (0%)046%
Anaheim Ducks 33873149260 / 3 (0%)054%

Vegas Golden Knights
Player Name POS G A P +/- PIM HIT SHT SB MP PP MP PP SHT PK MP PK SHT FO% FOT GA TA
Alec MartinezD0000203221:341:4101:0800% 011
Alex PietrangeloD0111013128:242:1703:4700% 010
Brayden McNabbD0000521222:110:0001:3200% 001
Brayden PachalD0000010113:390:0000:3800% 000
Brett HowdenC0110213110:450:0000:00050% 400
Chandler StephensonC000-1005114:361:4900:00041% 2211
Ivan BarbashevLW000-2036019:551:4902:230100% 110
Jack EichelC2021015016:422:0900:00036% 1430
Jonathan MarchessaultLW0111002017:002:1700:0000% 000
Keegan KolesarRW0000041010:430:0000:0000% 000
Mark StoneRW0000001019:372:0903:2500% 100
Michael AmadioRW000-2012118:321:4101:1400% 000
Nicolas HagueD0000022017:110:0002:3000% 001
Nicolas RoyRW1011013016:151:4901:1800% 000
Paul CotterLW0000011010:430:0000:0000% 000
William CarrierLW0001011213:180:0000:0600% 200
William KarlssonC0111002019:202:0903:28062% 2100
Zach WhitecloudD000-1020018:350:0002:1900% 002
Anaheim Ducks
Player Name POS G A P +/- PIM HIT SHT SB MP PP MP PP SHT PK MP PK SHT FO% FOT GA TA
Adam HenriqueC2020035121:132:2500:59075% 1621
Alex KillornLW000000000:320:0000:3200% 000
Andrew AgozzinoLW0220204018:582:2500:190100% 100
Brendan GallagherRW000000005:110:0000:0000% 000
Brock McGinnLW0110010019:343:3200:00050% 402
Dmitry KulikovD0000021221:552:4001:2200% 000
Frank VatranoRW0220035119:352:2500:000100% 100
Ilya LyubushkinD0001000220:082:4001:2200% 010
Jakob SilfverbergRW0000003113:220:0000:000100% 101
Mason McTavishC0000002115:360:0000:59067% 300
Max JonesLW0000020013:420:0000:5100% 000
Michael StoneD0001020115:340:0002:3600% 000
Nathan BeaulieuD000-1034127:193:1711:2000% 000
Radko GudasD000-1712425:341:5801:1600% 002
Robert HaggD0000031014:281:1900:0000% 001
Ryan StromeC000000006:530:0000:00067% 300
Trevor ZegrasC1010035023:313:3202:08041% 3420
Troy TerryRW0110036027:543:3202:0800% 210

Vegas Golden Knights

5 vs 5 Forward
Line #Left WingCenterRight WingPHYDFOFWanted %Time %Time Play
1Jonathan MarchessaultJack EichelMark Stone0233029%14:35
2William CarrierWilliam KarlssonNicolas Roy0232824%12:01
3Ivan BarbashevChandler StephensonMichael Amadio0232725%12:23
4Paul CotterBrett HowdenKeegan Kolesar2211522%10:43
5 vs 5 Defense
Line #DefenseDefensePHYDFOFWanted %Time %Time Play
1Alec MartinezAlex Pietrangelo2214140%19:47
2Brayden McNabbZach Whitecloud2213733%16:37
3Nicolas HagueBrayden Pachal2211725%12:30
4Brayden McNabbZach Whitecloud22152%0:48
Power Play Forward
Line #Left WingCenterRight WingPHYDFOFWanted %Time %Time Play
1Jack EichelWilliam KarlssonMark Stone0055554%2:09
2Ivan BarbashevChandler StephensonNicolas Roy0054546%1:49
Power Play Defense
Line #DefenseDefensePHYDFOFWanted %Time %Time Play
1Jonathan MarchessaultAlex Pietrangelo0145558%2:17
2Alec MartinezMichael Amadio0144542%1:41
Penalty Kill 4 Players Forward
Line #CenterWingPHYDFOFWanted %Time %Time Play
1William KarlssonMark Stone1316078%4:39
2Nicolas RoyIvan Barbashev1314022%1:18
Penalty Kill 4 Players Defense
Line #DefenseDefensePHYDFOFWanted %Time %Time Play
1Alec MartinezAlex Pietrangelo1406066%3:56
2Nicolas HagueBrayden McNabb1404034%2:01
Penalty Kill 3 Players
Line #WingPHYDFOFWanted %Time %Time PlayDefenseDefensePHYDFOFWanted %Time %Time Play
1Chandler Stephenson140570%0:00 Alec MartinezZach Whitecloud230570%0:00
2Jack Eichel140430%0:00 Brayden McNabbAlex Pietrangelo230430%0:00
4 vs 4 Forward
Line #CenterWingPHYDFOFWanted %Time %Time Play
1Brett HowdenMichael Amadio122520%0:00
2Chandler StephensonWilliam Karlsson122480%0:00
4 vs 4 Defense
Line #DefensePHYDFOFWanted %Time %Time Play
1Nicolas HagueZach Whitecloud131520%0:00
2Brayden McNabbAlec Martinez131480%0:00
Last Minutes Offensive
Left WingCenterRight WingDefenseDefense
Jonathan MarchessaultJack EichelChandler StephensonAlex PietrangeloMark Stone
Last Minutes Defensive
Left WingCenterRight WingDefenseDefense
William KarlssonChandler StephensonMark StoneBrayden McNabbAlex Pietrangelo
Time
Total ForwardTotal DefenseLast Minutes OffensiveLast Minutes Defensive
60:00 60:00 0:230:00
Extra Forwards
Normal PowerPlayPenalty Kill
Jack Eichel, William Karlsson, Mark StoneNicolas Roy, William CarrierMichael Amadio
Extra Defensemen
Normal PowerPlayPenalty Kill
Alex Pietrangelo, Brayden McNabb, Alec MartinezAlec Martinez, Zach WhitecloudAlex Pietrangelo
Penalty Shots
Jack Eichel, Jonathan Marchessault, Paul Cotter, Mark Stone, William Karlsson
Goalie
Logan Thompson, Adin Hill
Custom OT Lines Forwards
William Karlsson, Mark Stone, Jack Eichel, Jonathan Marchessault, Nicolas Roy, Ivan Barbashev, William Carrier, Michael Amadio, Paul Cotter, Keegan Kolesar
Custom OT Lines Defensemen
Alex Pietrangelo, Alec Martinez, Brayden McNabb, Nicolas Hague, Zach Whitecloud
Scratches
Pavel Dorofeyev (Healthy), Shea Theodore (Chest/Ribs Injury)

Anaheim Ducks

5 vs 5 Forward
Line #Left WingCenterRight WingPHYDFOFWanted %Time %Time Play
1Brock McGinnTrevor ZegrasTroy Terry1224031%15:32
2Andrew AgozzinoAdam HenriqueFrank Vatrano1223032%16:05
3Max JonesMason McTavishJakob Silfverberg1222026%12:51
4Troy TerryRyan StromeBrendan Gallagher1221010%5:11
5 vs 5 Defense
Line #DefenseDefensePHYDFOFWanted %Time %Time Play
1Nathan BeaulieuRadko Gudas1224041%20:19
2Dmitry KulikovIlya Lyubushkin1223032%16:06
3Robert HaggMichael Stone1222020%10:06
4Nathan BeaulieuRadko Gudas122106%3:08
Power Play Forward
Line #Left WingCenterRight WingPHYDFOFWanted %Time %Time Play
1Brock McGinnTrevor ZegrasTroy Terry1226059%3:32
2Andrew AgozzinoAdam HenriqueFrank Vatrano1224041%2:25
Power Play Defense
Line #DefenseDefensePHYDFOFWanted %Time %Time Play
1Nathan BeaulieuRadko Gudas1226055%3:17
2Dmitry KulikovIlya Lyubushkin1224045%2:40
Penalty Kill 4 Players Forward
Line #CenterWingPHYDFOFWanted %Time %Time Play
1Troy TerryTrevor Zegras1226075%2:59
2Adam HenriqueMason McTavish1224025%0:59
Penalty Kill 4 Players Defense
Line #DefenseDefensePHYDFOFWanted %Time %Time Play
1Michael StoneRadko Gudas1226066%2:36
2Dmitry KulikovIlya Lyubushkin1224034%1:22
Penalty Kill 3 Players
Line #WingPHYDFOFWanted %Time %Time PlayDefenseDefensePHYDFOFWanted %Time %Time Play
1Troy Terry122600%0:00 Nathan BeaulieuRadko Gudas122600%0:00
2Trevor Zegras122400%0:00 Dmitry KulikovIlya Lyubushkin122400%0:00
4 vs 4 Forward
Line #CenterWingPHYDFOFWanted %Time %Time Play
1Troy TerryTrevor Zegras122600%0:00
2Adam HenriqueMason McTavish122400%0:00
4 vs 4 Defense
Line #DefensePHYDFOFWanted %Time %Time Play
1Robert HaggRadko Gudas122600%0:00
2Dmitry KulikovIlya Lyubushkin122400%0:00
Last Minutes Offensive
Left WingCenterRight WingDefenseDefense
Brock McGinnTrevor ZegrasTroy TerryDmitry KulikovRadko Gudas
Last Minutes Defensive
Left WingCenterRight WingDefenseDefense
Brock McGinnTrevor ZegrasTroy TerryDmitry KulikovRadko Gudas
Time
Total ForwardTotal DefenseLast Minutes OffensiveLast Minutes Defensive
60:00 60:00 0:000:26
Extra Forwards
Normal PowerPlayPenalty Kill
Ryan Strome, Jakob Silfverberg, Max JonesRyan Strome, Jakob SilfverbergMax Jones
Extra Defensemen
Normal PowerPlayPenalty Kill
Robert Hagg, Michael Stone, Nathan BeaulieuRobert Hagg, Michael StoneNathan Beaulieu
Penalty Shots
Troy Terry, Trevor Zegras, Adam Henrique, Mason McTavish, Frank Vatrano
Goalie
Alex Stalock, John Gibson
Custom OT Lines Forwards
Troy Terry, Trevor Zegras, Adam Henrique, Mason McTavish, Frank Vatrano, Ryan Strome, Jakob Silfverberg, Brock McGinn, Andrew Agozzino, Max Jones
Custom OT Lines Defensemen
Michael Stone, Radko Gudas, Dmitry Kulikov, Ilya Lyubushkin, Robert Hagg
Scratches
Cam Fowler (Exhaustion), Ross Johnston (Healthy), Isac Lundestrom (Healthy)


Play-by-Play

1st period


0:01 of 1st period - Trevor Zegras wins face-off versus Jack Eichel in neutral zone.
0:04 of 1st period - Wrist shot by Troy Terry.
0:04 of 1st period - Stopped by Logan Thompson without a rebound.
0:05 of 1st period - Brock McGinn wins face-off versus Jack Eichel in Vegas Golden Knights zone.
0:10 of 1st period - Wrist shot by Troy Terry.
0:10 of 1st period - Shot Misses the Net.
0:22 of 1st period - Wrist shot by Jack Eichel.
0:22 of 1st period - Shot Misses the Net.
0:40 of 1st period - Slapshot by William Carrier.
0:40 of 1st period - Shot Misses the Net.
0:42 of 1st period - Slapshot by Alex Pietrangelo.
0:42 of 1st period - Stopped by Alex Stalock with a rebound.
0:52 of 1st period - Slapshot by Mason McTavish.
0:52 of 1st period - Shot Hit the Post.
0:54 of 1st period - Slapshot by Radko Gudas.
0:54 of 1st period - Stopped by Logan Thompson with a rebound.
1:55 of 1st period - Off-side.
1:56 of 1st period - Mason McTavish wins face-off versus William Carrier in neutral zone.
2:30 of 1st period - Icing by Robert Hagg.
2:31 of 1st period - Brock McGinn wins face-off versus Chandler Stephenson in Anaheim Ducks zone.
2:38 of 1st period - Snap shot by Ivan Barbashev.
2:38 of 1st period - Stopped by Alex Stalock with a rebound.
2:56 of 1st period - Snap shot by Trevor Zegras.
2:56 of 1st period - Deflect By Troy Terry.
2:56 of 1st period - Shot Blocked by Alec Martinez.
2:56 of 1st period - Puck is out of play.
2:57 of 1st period - Adam Henrique wins face-off versus Jack Eichel in Vegas Golden Knights zone.
3:04 of 1st period - Snap shot by Frank Vatrano.
3:04 of 1st period - Deflect By Andrew Agozzino.
3:04 of 1st period - Stopped by Logan Thompson with a rebound.
3:22 of 1st period - Jakob Silfverberg is hit by Zach Whitecloud and loses puck.
3:29 of 1st period - Wrist shot by Jonathan Marchessault.
3:29 of 1st period - Shot Blocked by Jakob Silfverberg.
5:09 of 1st period - Brayden McNabb is hit by Robert Hagg and loses puck.
5:38 of 1st period - Jakob Silfverberg is hit by Nicolas Hague and loses puck.
5:49 of 1st period - Snap shot by Brett Howden.
5:49 of 1st period - Shot Blocked by Dmitry Kulikov.
5:51 of 1st period - Wrist shot by Brett Howden.
5:51 of 1st period - Stopped by Alex Stalock with a rebound.
5:53 of 1st period - Slapshot by Nicolas Hague.
5:53 of 1st period - Stopped by Alex Stalock with a rebound.
5:55 of 1st period - Snap shot by Brett Howden.
5:55 of 1st period - Shot Misses the Net.
5:57 of 1st period - Slapshot by Brayden McNabb.
5:57 of 1st period - Shot Blocked by Ilya Lyubushkin.
5:59 of 1st period - Wrist shot by Keegan Kolesar.
5:59 of 1st period - Shot Blocked by Ilya Lyubushkin.
6:11 of 1st period - Snap shot by Alex Pietrangelo.
6:11 of 1st period - Deflect By Paul Cotter.
6:11 of 1st period - Stopped by Alex Stalock without a rebound.
6:12 of 1st period - Trevor Zegras wins face-off versus Chandler Stephenson in Anaheim Ducks zone.
7:02 of 1st period - Zach Whitecloud is hit by Brock McGinn and loses puck.
7:40 of 1st period - Off-side.
7:41 of 1st period - Adam Henrique wins face-off versus William Karlsson in neutral zone.
8:33 of 1st period - Snap shot by Jakob Silfverberg.
8:33 of 1st period - Stopped by Logan Thompson with a rebound.
8:35 of 1st period - Wrist shot by Jakob Silfverberg.
8:35 of 1st period - Shot Misses the Net.
8:37 of 1st period - Snap shot by Nathan Beaulieu.
8:37 of 1st period - Stopped by Logan Thompson with a rebound.
9:00 of 1st period - Snap shot by Nicolas Roy.
9:00 of 1st period - Shot Blocked by Radko Gudas.
9:02 of 1st period - Wrist shot by William Karlsson.
9:02 of 1st period - Shot Blocked by Adam Henrique.
9:04 of 1st period - Wrist shot by William Karlsson.
9:04 of 1st period - Shot Misses the Net.
9:14 of 1st period - Slapshot by Jack Eichel.
9:14 of 1st period - Goal by Jack Eichel - Vegas Golden Knights : 1 - Anaheim Ducks : 0.
9:15 of 1st period - William Karlsson wins face-off versus Trevor Zegras in neutral zone.
10:01 of 1st period - Slapshot by William Karlsson.
10:01 of 1st period - Stopped by Alex Stalock without a rebound.
10:02 of 1st period - Adam Henrique wins face-off versus Chandler Stephenson in Anaheim Ducks zone.
10:13 of 1st period - Minor Penalty to Andrew Agozzino for Interference.
10:14 of 1st period - William Karlsson wins face-off versus Troy Terry in Anaheim Ducks zone.
12:13 of 1st period - Penalty to Andrew Agozzino is over, Andrew Agozzino is back on ice.
14:12 of 1st period - Icing by Frank Vatrano.
14:13 of 1st period - Chandler Stephenson wins face-off versus Adam Henrique in Anaheim Ducks zone.
14:29 of 1st period - Alex Pietrangelo is hit by Robert Hagg and loses puck.
14:34 of 1st period - Wrist shot by Ivan Barbashev.
14:34 of 1st period - Stopped by Alex Stalock without a rebound.
14:35 of 1st period - Chandler Stephenson wins face-off versus Trevor Zegras in Anaheim Ducks zone.
14:36 of 1st period - Wrist shot by Ivan Barbashev.
14:36 of 1st period - Stopped by Alex Stalock without a rebound.
14:37 of 1st period - Trevor Zegras wins face-off versus Chandler Stephenson in Anaheim Ducks zone.
14:44 of 1st period - Snap shot by Troy Terry.
14:44 of 1st period - Stopped by Logan Thompson with a rebound.
14:46 of 1st period - Slapshot by Radko Gudas.
14:46 of 1st period - Shot Misses the Net.
15:34 of 1st period - Slapshot by Max Jones.
15:34 of 1st period - Shot Misses the Net.
15:44 of 1st period - Zach Whitecloud is hit by Michael Stone and loses puck.
15:49 of 1st period - Wrist shot by Troy Terry.
15:49 of 1st period - Stopped by Logan Thompson with a rebound.
15:56 of 1st period - Off-side.
15:57 of 1st period - Jack Eichel wins face-off versus Trevor Zegras in neutral zone.
16:00 of 1st period - Backhand shot by Jonathan Marchessault.
16:00 of 1st period - Stopped by Alex Stalock without a rebound.
16:01 of 1st period - Trevor Zegras wins face-off versus Jack Eichel in Anaheim Ducks zone.
16:10 of 1st period - Snap shot by Jack Eichel.
16:10 of 1st period - Shot Misses the Net.
16:18 of 1st period - Jonathan Marchessault is hit by Trevor Zegras and loses puck.
16:37 of 1st period - Wrist shot by Trevor Zegras.
16:37 of 1st period - Stopped by Logan Thompson with a rebound.
16:39 of 1st period - Slapshot by Trevor Zegras.
16:39 of 1st period - Stopped by Logan Thompson with a rebound.
16:41 of 1st period - Slapshot by Troy Terry.
16:41 of 1st period - Stopped by Logan Thompson without a rebound.
16:42 of 1st period - Adam Henrique wins face-off versus Chandler Stephenson in Vegas Golden Knights zone.
16:43 of 1st period - Snap shot by Frank Vatrano.
16:43 of 1st period - Shot Misses the Net.
17:09 of 1st period - Backhand shot by Keegan Kolesar.
17:09 of 1st period - Stopped by Alex Stalock with a rebound.
17:11 of 1st period - Slapshot by Zach Whitecloud.
17:11 of 1st period - Shot Blocked by Radko Gudas.
17:12 of 1st period - Radko Gudas and Brayden McNabb fight to a draw.
17:12 of 1st period - Penalty to Radko Gudas for Fighting.
17:12 of 1st period - Penalty to Brayden McNabb for Fighting.
17:13 of 1st period - Trevor Zegras wins face-off versus Jack Eichel in Anaheim Ducks zone.
17:22 of 1st period - Slapshot by Troy Terry.
17:22 of 1st period - Stopped by Logan Thompson without a rebound.
17:23 of 1st period - Jack Eichel wins face-off versus Trevor Zegras in Vegas Golden Knights zone.
17:40 of 1st period - Snap shot by Trevor Zegras.
17:40 of 1st period - Stopped by Logan Thompson without a rebound.
17:41 of 1st period - Adam Henrique wins face-off versus Chandler Stephenson in Vegas Golden Knights zone.
18:34 of 1st period - Snap shot by Mason McTavish.
18:34 of 1st period - Shot Misses the Net.
18:42 of 1st period - Snap shot by William Karlsson.
18:42 of 1st period - Deflect By William Carrier.
18:42 of 1st period - Shot Misses the Net.
18:42 of 1st period - Puck is out of play.
18:43 of 1st period - Adam Henrique wins face-off versus Jack Eichel in Anaheim Ducks zone.
19:00 of 1st period - Slapshot by Jack Eichel.
19:00 of 1st period - Shot Blocked by Frank Vatrano.
19:34 of 1st period - Ilya Lyubushkin is hit by Keegan Kolesar and loses puck.
19:48 of 1st period - Minor Penalty to Alec Martinez for Interference.
19:49 of 1st period - William Karlsson wins face-off versus Trevor Zegras in Vegas Golden Knights zone.
19:57 of 1st period - Alex Pietrangelo is hit by Nathan Beaulieu and loses puck.
Goals for this period are 1 for Vegas Golden Knights vs 0 for Anaheim Ducks.
Shots for this period are 11 for Vegas Golden Knights vs 12 for Anaheim Ducks.

2nd period


0:01 of 2nd period - Trevor Zegras wins face-off versus William Karlsson in neutral zone.
0:08 of 2nd period - Wrist shot by Trevor Zegras.
0:08 of 2nd period - Shot Blocked by Alex Pietrangelo.
0:10 of 2nd period - Wrist shot by Nathan Beaulieu.
0:10 of 2nd period - Shot Misses the Net.
0:12 of 2nd period - Snap shot by Trevor Zegras.
0:12 of 2nd period - Shot Misses the Net.
0:14 of 2nd period - Slapshot by Nathan Beaulieu.
0:14 of 2nd period - Deflect By Alex Pietrangelo.
0:14 of 2nd period - Stopped by Logan Thompson without a rebound.
0:15 of 2nd period - William Karlsson wins face-off versus Trevor Zegras in Vegas Golden Knights zone.
1:42 of 2nd period - Nicolas Hague is hit by Robert Hagg.
1:48 of 2nd period - Penalty to Alec Martinez is over, Alec Martinez is back on ice.
2:11 of 2nd period - Max Jones is hit by Brayden Pachal and loses puck.
2:23 of 2nd period - Alec Martinez is hit by Max Jones.
3:03 of 2nd period - Max Jones is hit by Brayden McNabb and loses puck.
3:10 of 2nd period - Wrist shot by Michael Amadio.
3:10 of 2nd period - Shot Misses the Net.
3:25 of 2nd period - Jakob Silfverberg is hit by Brayden McNabb and loses puck.
3:32 of 2nd period - Slapshot by Alex Pietrangelo.
3:32 of 2nd period - Deflect By Jakob Silfverberg.
3:32 of 2nd period - Stopped by Alex Stalock with a rebound.
4:01 of 2nd period - Snap shot by Mason McTavish.
4:01 of 2nd period - Shot Blocked by Michael Amadio.
4:07 of 2nd period - Snap shot by Mason McTavish.
4:07 of 2nd period - Deflect By Jakob Silfverberg.
4:07 of 2nd period - Shot Hit the Post.
4:07 of 2nd period - Puck is out of play.
4:08 of 2nd period - Jack Eichel wins face-off versus Trevor Zegras in Vegas Golden Knights zone.
4:27 of 2nd period - Michael Stone is hit by Jack Eichel and loses puck.
6:08 of 2nd period - Wrist shot by Nicolas Roy.
6:08 of 2nd period - Stopped by Alex Stalock without a rebound.
6:09 of 2nd period - Jack Eichel wins face-off versus Trevor Zegras in Anaheim Ducks zone.
6:10 of 2nd period - Snap shot by Jonathan Marchessault.
6:10 of 2nd period - Stopped by Alex Stalock with a rebound.
6:18 of 2nd period - Zach Whitecloud is hit by Troy Terry and loses puck.
6:33 of 2nd period - Wrist shot by Andrew Agozzino.
6:33 of 2nd period - Stopped by Logan Thompson without a rebound.
6:34 of 2nd period - Adam Henrique wins face-off versus William Karlsson in Vegas Golden Knights zone.
6:39 of 2nd period - Snap shot by Adam Henrique.
6:39 of 2nd period - Stopped by Logan Thompson without a rebound.
6:40 of 2nd period - Adam Henrique wins face-off versus William Carrier in Vegas Golden Knights zone.
6:41 of 2nd period - Snap shot by Andrew Agozzino.
6:41 of 2nd period - Shot Misses the Net.
6:43 of 2nd period - Slapshot by Radko Gudas.
6:43 of 2nd period - Stopped by Logan Thompson with a rebound.
6:45 of 2nd period - Snap shot by Adam Henrique.
6:45 of 2nd period - Stopped by Logan Thompson without a rebound.
6:46 of 2nd period - William Karlsson wins face-off versus Trevor Zegras in Vegas Golden Knights zone.
7:13 of 2nd period - Brock McGinn is hit by Brett Howden and loses puck.
7:42 of 2nd period - Wrist shot by Jack Eichel.
7:42 of 2nd period - Shot Misses the Net.
7:44 of 2nd period - Slapshot by Alec Martinez.
7:44 of 2nd period - Stopped by Alex Stalock without a rebound.
7:45 of 2nd period - Chandler Stephenson wins face-off versus Adam Henrique in Anaheim Ducks zone.
7:50 of 2nd period - Wrist shot by Ivan Barbashev.
7:50 of 2nd period - Shot Misses the Net.
7:52 of 2nd period - Wrist shot by Chandler Stephenson.
7:52 of 2nd period - Stopped by Alex Stalock with a rebound.
7:54 of 2nd period - Wrist shot by Michael Amadio.
7:54 of 2nd period - Stopped by Alex Stalock with a rebound.
7:56 of 2nd period - Snap shot by Michael Amadio.
7:56 of 2nd period - Shot Misses the Net.
7:58 of 2nd period - Snap shot by Ivan Barbashev.
7:58 of 2nd period - Stopped by Alex Stalock with a rebound.
8:00 of 2nd period - Slapshot by Brayden McNabb.
8:00 of 2nd period - Shot Hit the Post.
8:02 of 2nd period - Snap shot by Michael Amadio.
8:02 of 2nd period - Stopped by Alex Stalock with a rebound.
8:13 of 2nd period - Off-side.
8:14 of 2nd period - William Karlsson wins face-off versus Mason McTavish in neutral zone.
8:31 of 2nd period - Snap shot by Mason McTavish.
8:31 of 2nd period - Stopped by Logan Thompson with a rebound.
8:33 of 2nd period - Wrist shot by Max Jones.
8:33 of 2nd period - Deflect By Mason McTavish.
8:33 of 2nd period - Shot Misses the Net.
8:33 of 2nd period - Puck is out of play.
8:34 of 2nd period - Chandler Stephenson wins face-off versus Brock McGinn in Vegas Golden Knights zone.
9:43 of 2nd period - Minor Penalty to Brett Howden for Holding.
9:44 of 2nd period - William Karlsson wins face-off versus Trevor Zegras in Vegas Golden Knights zone.
10:17 of 2nd period - Mark Stone is hit by Nathan Beaulieu and loses puck.
11:27 of 2nd period - Trevor Zegras is hit by Alex Pietrangelo and loses puck.
11:43 of 2nd period - Penalty to Brett Howden is over, Brett Howden is back on ice.
11:48 of 2nd period - Icing by Brayden McNabb.
11:49 of 2nd period - Jakob Silfverberg wins face-off versus Brett Howden in Vegas Golden Knights zone.
11:50 of 2nd period - Backhand shot by Mason McTavish.
11:50 of 2nd period - Deflect By Jakob Silfverberg.
11:50 of 2nd period - Shot Misses the Net.
11:50 of 2nd period - Puck is out of play.
11:51 of 2nd period - Mason McTavish wins face-off versus Brett Howden in Vegas Golden Knights zone.
11:52 of 2nd period - Wrist shot by Jakob Silfverberg.
11:52 of 2nd period - Stopped by Logan Thompson with a rebound.
12:27 of 2nd period - Snap shot by Chandler Stephenson.
12:27 of 2nd period - Stopped by Alex Stalock without a rebound.
12:28 of 2nd period - William Karlsson wins face-off versus Trevor Zegras in Anaheim Ducks zone.
12:29 of 2nd period - Slapshot by Alex Pietrangelo.
12:29 of 2nd period - Deflect By Troy Terry.
12:29 of 2nd period - Stopped by Alex Stalock without a rebound.
12:30 of 2nd period - William Karlsson wins face-off versus Trevor Zegras in Anaheim Ducks zone.
12:41 of 2nd period - Radko Gudas is hit by Nicolas Roy and loses puck.
13:41 of 2nd period - Slapshot by Troy Terry.
13:41 of 2nd period - Shot Misses the Net.
13:43 of 2nd period - Snap shot by Trevor Zegras.
13:43 of 2nd period - Deflect By Troy Terry.
13:43 of 2nd period - Stopped by Logan Thompson without a rebound.
13:44 of 2nd period - Brett Howden wins face-off versus Trevor Zegras in Vegas Golden Knights zone.
14:09 of 2nd period - Brock McGinn is hit by Keegan Kolesar and loses puck.
14:53 of 2nd period - Snap shot by Trevor Zegras.
14:53 of 2nd period - Shot Misses the Net.
14:55 of 2nd period - Slapshot by Troy Terry.
14:55 of 2nd period - Shot Misses the Net.
14:57 of 2nd period - Snap shot by Ilya Lyubushkin.
14:57 of 2nd period - Deflect By Trevor Zegras.
14:57 of 2nd period - Shot Blocked by Brett Howden.
14:57 of 2nd period - Puck is out of play.
14:58 of 2nd period - Chandler Stephenson wins face-off versus Adam Henrique in Vegas Golden Knights zone.
14:58 of 2nd period - Chandler Stephenson is hit by Adam Henrique.
15:10 of 2nd period - Slapshot by Chandler Stephenson.
15:10 of 2nd period - Stopped by Alex Stalock with a rebound.
15:12 of 2nd period - Snap shot by Alec Martinez.
15:12 of 2nd period - Stopped by Alex Stalock with a rebound.
15:14 of 2nd period - Snap shot by Ivan Barbashev.
15:14 of 2nd period - Stopped by Alex Stalock with a rebound.
15:34 of 2nd period - Slapshot by Mason McTavish.
15:34 of 2nd period - Deflect By Jakob Silfverberg.
15:34 of 2nd period - Stopped by Logan Thompson with a rebound.
15:36 of 2nd period - Slapshot by Nathan Beaulieu.
15:36 of 2nd period - Stopped by Logan Thompson without a rebound.
15:37 of 2nd period - Adam Henrique wins face-off versus Chandler Stephenson in Vegas Golden Knights zone.
15:46 of 2nd period - Slapshot by Adam Henrique.
15:46 of 2nd period - Stopped by Logan Thompson without a rebound.
15:47 of 2nd period - Chandler Stephenson wins face-off versus Adam Henrique in Vegas Golden Knights zone.
15:47 of 2nd period - Chandler Stephenson is hit by Frank Vatrano.
16:28 of 2nd period - Wrist shot by Andrew Agozzino.
16:28 of 2nd period - Stopped by Logan Thompson with a rebound.
16:40 of 2nd period - Wrist shot by Chandler Stephenson.
16:40 of 2nd period - Shot Misses the Net.
16:56 of 2nd period - Wrist shot by Adam Henrique.
16:56 of 2nd period - Goal by Adam Henrique - Vegas Golden Knights : 1 - Anaheim Ducks : 1.
16:57 of 2nd period - William Karlsson wins face-off versus Brock McGinn in neutral zone.
17:05 of 2nd period - Backhand shot by Alec Martinez.
17:05 of 2nd period - Stopped by Alex Stalock with a rebound.
17:07 of 2nd period - Snap shot by William Karlsson.
17:07 of 2nd period - Stopped by Alex Stalock with a rebound.
17:09 of 2nd period - Snap shot by Nicolas Roy.
17:09 of 2nd period - Stopped by Alex Stalock with a rebound.
17:11 of 2nd period - Slapshot by William Carrier.
17:11 of 2nd period - Stopped by Alex Stalock with a rebound.
17:13 of 2nd period - Wrist shot by William Karlsson.
17:13 of 2nd period - Shot Misses the Net.
17:25 of 2nd period - Wrist shot by Jonathan Marchessault.
17:25 of 2nd period - Shot Misses the Net.
17:27 of 2nd period - Slapshot by Jack Eichel.
17:27 of 2nd period - Shot Blocked by Radko Gudas.
17:29 of 2nd period - Snap shot by Nicolas Hague.
17:29 of 2nd period - Stopped by Alex Stalock with a rebound.
17:31 of 2nd period - Snap shot by Brayden Pachal.
17:31 of 2nd period - Shot Blocked by Radko Gudas.
17:33 of 2nd period - Wrist shot by Mark Stone.
17:33 of 2nd period - Shot Blocked by Nathan Beaulieu.
17:42 of 2nd period - Off-side.
17:43 of 2nd period - Brett Howden wins face-off versus Ryan Strome in neutral zone.
17:51 of 2nd period - Alex Pietrangelo is hit by Dmitry Kulikov and loses puck.
17:54 of 2nd period - Slapshot by Alec Martinez.
17:54 of 2nd period - Shot Blocked by Dmitry Kulikov.
17:56 of 2nd period - Slapshot by Brett Howden.
17:56 of 2nd period - Stopped by Alex Stalock without a rebound.
17:57 of 2nd period - Chandler Stephenson wins face-off versus Trevor Zegras in Anaheim Ducks zone.
18:00 of 2nd period - Slapshot by Chandler Stephenson.
18:00 of 2nd period - Stopped by Alex Stalock with a rebound.
18:03 of 2nd period - Icing by Ilya Lyubushkin.
18:04 of 2nd period - Ivan Barbashev wins face-off versus Trevor Zegras in Anaheim Ducks zone.
18:15 of 2nd period - Wrist shot by Trevor Zegras.
18:15 of 2nd period - Shot Blocked by Chandler Stephenson.
18:17 of 2nd period - Slapshot by Dmitry Kulikov.
18:17 of 2nd period - Stopped by Logan Thompson without a rebound.
18:18 of 2nd period - William Karlsson wins face-off versus Trevor Zegras in Vegas Golden Knights zone.
18:45 of 2nd period - Radko Gudas is hit by Ivan Barbashev and loses puck.
18:56 of 2nd period - Snap shot by Chandler Stephenson.
18:56 of 2nd period - Stopped by Alex Stalock with a rebound.
18:58 of 2nd period - Slapshot by Ivan Barbashev.
18:58 of 2nd period - Stopped by Alex Stalock with a rebound.
19:56 of 2nd period - Snap shot by Andrew Agozzino.
19:56 of 2nd period - Stopped by Logan Thompson without a rebound.
19:57 of 2nd period - Trevor Zegras wins face-off versus William Karlsson in Vegas Golden Knights zone.
Goals for this period are 0 for Vegas Golden Knights vs 1 for Anaheim Ducks.
Shots for this period are 22 for Vegas Golden Knights vs 15 for Anaheim Ducks.

3rd period


0:01 of 3rd period - William Karlsson wins face-off versus Trevor Zegras in neutral zone.
0:26 of 3rd period - Alec Martinez is hit by Max Jones and loses puck.
1:04 of 3rd period - Snap shot by Andrew Agozzino.
1:04 of 3rd period - Shot Misses the Net.
1:14 of 3rd period - Brock McGinn is hit by Keegan Kolesar and loses puck.
1:25 of 3rd period - Slapshot by Troy Terry.
1:25 of 3rd period - Deflect By Trevor Zegras.
1:25 of 3rd period - Shot Blocked by Brayden Pachal.
1:25 of 3rd period - Puck is out of play.
1:26 of 3rd period - Adam Henrique wins face-off versus William Karlsson in Vegas Golden Knights zone.
1:37 of 3rd period - Snap shot by Adam Henrique.
1:37 of 3rd period - Shot Misses the Net.
1:39 of 3rd period - Slapshot by Robert Hagg.
1:39 of 3rd period - Stopped by Logan Thompson with a rebound.
1:41 of 3rd period - Wrist shot by Frank Vatrano.
1:41 of 3rd period - Stopped by Logan Thompson with a rebound.
1:43 of 3rd period - Snap shot by Michael Stone.
1:43 of 3rd period - Deflect By Andrew Agozzino.
1:43 of 3rd period - Shot Misses the Net.
1:43 of 3rd period - Puck is out of play.
1:44 of 3rd period - Trevor Zegras wins face-off versus Chandler Stephenson in Vegas Golden Knights zone.
1:57 of 3rd period - Snap shot by Trevor Zegras.
1:57 of 3rd period - Goal by Trevor Zegras - Vegas Golden Knights : 1 - Anaheim Ducks : 2.
1:58 of 3rd period - Trevor Zegras wins face-off versus Chandler Stephenson in neutral zone.
2:25 of 3rd period - Alec Martinez is hit by Adam Henrique and loses puck.
2:33 of 3rd period - Minor Penalty to Radko Gudas for Roughing.
2:34 of 3rd period - William Karlsson wins face-off versus Troy Terry in Anaheim Ducks zone.
3:59 of 3rd period - Adam Henrique is hit by Ivan Barbashev and loses puck.
4:33 of 3rd period - Penalty to Radko Gudas is over, Radko Gudas is back on ice.
4:48 of 3rd period - Nathan Beaulieu is hit by Keegan Kolesar and loses puck.
5:01 of 3rd period - Slapshot by Mason McTavish.
5:01 of 3rd period - Shot Misses the Net.
5:13 of 3rd period - Slapshot by Brayden McNabb.
5:13 of 3rd period - Stopped by Alex Stalock with a rebound.
5:15 of 3rd period - Wrist shot by Brett Howden.
5:15 of 3rd period - Stopped by Alex Stalock without a rebound.
5:16 of 3rd period - Frank Vatrano wins face-off versus William Karlsson in Anaheim Ducks zone.
5:23 of 3rd period - Snap shot by Frank Vatrano.
5:23 of 3rd period - Stopped by Logan Thompson with a rebound.
5:25 of 3rd period - Slapshot by Adam Henrique.
5:25 of 3rd period - Shot Blocked by William Carrier.
6:07 of 3rd period - Trevor Zegras is hit by Paul Cotter and loses puck.
6:24 of 3rd period - Alec Martinez is hit by Adam Henrique and loses puck.
6:31 of 3rd period - Slapshot by Andrew Agozzino.
6:31 of 3rd period - Shot Blocked by William Carrier.
6:43 of 3rd period - Alec Martinez is hit by Troy Terry.
7:29 of 3rd period - Nicolas Hague is hit by Frank Vatrano and loses puck.
7:58 of 3rd period - Slapshot by Jack Eichel.
7:58 of 3rd period - Stopped by Alex Stalock with a rebound.
8:00 of 3rd period - Wrist shot by Mark Stone.
8:00 of 3rd period - Deflect By Jonathan Marchessault.
8:00 of 3rd period - Shot Misses the Net.
8:00 of 3rd period - Puck is out of play.
8:01 of 3rd period - Andrew Agozzino wins face-off versus Jack Eichel in Anaheim Ducks zone.
8:06 of 3rd period - Slapshot by Nathan Beaulieu.
8:06 of 3rd period - Stopped by Logan Thompson with a rebound.
8:08 of 3rd period - Slapshot by Frank Vatrano.
8:08 of 3rd period - Stopped by Logan Thompson without a rebound.
8:08 of 3rd period - Minor Penalty to Logan Thompson for Slashing.
8:09 of 3rd period - Trevor Zegras wins face-off versus Mark Stone in Vegas Golden Knights zone.
10:08 of 3rd period - Penalty to Alec Martinez is over, Alec Martinez is back on ice.
11:27 of 3rd period - Wrist shot by Mason McTavish.
11:27 of 3rd period - Stopped by Logan Thompson with a rebound.
12:17 of 3rd period - Alex Pietrangelo is hit by Radko Gudas.
12:34 of 3rd period - Adam Henrique is hit by Michael Amadio and loses puck.
12:47 of 3rd period - Alec Martinez is hit by Trevor Zegras and loses puck.
13:26 of 3rd period - Snap shot by Brett Howden.
13:26 of 3rd period - Shot Misses the Net.
13:33 of 3rd period - Icing by Radko Gudas.
13:34 of 3rd period - Trevor Zegras wins face-off versus Chandler Stephenson in Anaheim Ducks zone.
13:34 of 3rd period - Trevor Zegras is hit by Zach Whitecloud.
13:44 of 3rd period - Backhand shot by Frank Vatrano.
13:44 of 3rd period - Stopped by Logan Thompson with a rebound.
13:46 of 3rd period - Slapshot by Radko Gudas.
13:46 of 3rd period - Shot Blocked by Brayden McNabb.
13:48 of 3rd period - Slapshot by Frank Vatrano.
13:48 of 3rd period - Stopped by Logan Thompson with a rebound.
14:26 of 3rd period - Slapshot by Nicolas Roy.
14:26 of 3rd period - Goal by Nicolas Roy - Vegas Golden Knights : 2 - Anaheim Ducks : 2.
14:27 of 3rd period - Jack Eichel wins face-off versus Trevor Zegras in neutral zone.
14:37 of 3rd period - Snap shot by Troy Terry.
14:37 of 3rd period - Shot Blocked by Alec Martinez.
14:37 of 3rd period - Alec Martinez from Vegas Golden Knights is injured at 14:37 of 3rd period (Sore Right Knee).
14:38 of 3rd period - Chandler Stephenson wins face-off versus Trevor Zegras in Vegas Golden Knights zone.
14:38 of 3rd period - Chandler Stephenson is hit by Trevor Zegras.
15:36 of 3rd period - Wrist shot by Mark Stone.
15:36 of 3rd period - Stopped by Alex Stalock without a rebound.
15:37 of 3rd period - Ryan Strome wins face-off versus Chandler Stephenson in Anaheim Ducks zone.
15:46 of 3rd period - Chandler Stephenson is hit by Troy Terry and loses puck.
16:18 of 3rd period - Jack Eichel is hit by Frank Vatrano and loses puck.
16:34 of 3rd period - Snap shot by Troy Terry.
16:34 of 3rd period - Deflect By Trevor Zegras.
16:34 of 3rd period - Shot Misses the Net.
16:34 of 3rd period - Puck is out of play.
16:35 of 3rd period - Trevor Zegras wins face-off versus Chandler Stephenson in Vegas Golden Knights zone.
16:36 of 3rd period - Snap shot by Troy Terry.
16:36 of 3rd period - Shot Misses the Net.
16:38 of 3rd period - Slapshot by Dmitry Kulikov.
16:38 of 3rd period - Deflect By Trevor Zegras.
16:38 of 3rd period - Stopped by Logan Thompson without a rebound.
16:39 of 3rd period - Chandler Stephenson wins face-off versus Trevor Zegras in Vegas Golden Knights zone.
17:18 of 3rd period - Slapshot by Adam Henrique.
17:18 of 3rd period - Goal by Adam Henrique - Vegas Golden Knights : 2 - Anaheim Ducks : 3.
17:19 of 3rd period - Ryan Strome wins face-off versus Chandler Stephenson in neutral zone.
17:26 of 3rd period - Wrist shot by Ryan Strome.
17:26 of 3rd period - Shot Blocked by Brayden McNabb.
17:46 of 3rd period - Radko Gudas is hit by William Carrier and loses puck.
18:14 of 3rd period - Snap shot by Jack Eichel.
18:14 of 3rd period - Stopped by Alex Stalock without a rebound.
18:15 of 3rd period - Adam Henrique wins face-off versus Jack Eichel in Anaheim Ducks zone.
18:20 of 3rd period - Brayden Pachal is hit by Nathan Beaulieu.
19:22 of 3rd period - Vegas Golden Knights, Logan Thompson is pulled from the net.
19:22 of 3rd period - Snap shot by Jack Eichel.
19:22 of 3rd period - Goal by Jack Eichel - Vegas Golden Knights : 3 - Anaheim Ducks : 3.
19:22 of 3rd period - Logan Thompson from Vegas Golden Knights was sent back in the game.
19:23 of 3rd period - Trevor Zegras wins face-off versus Jack Eichel in neutral zone.
19:26 of 3rd period - Snap shot by Trevor Zegras.
19:26 of 3rd period - Shot Misses the Net.
Goals for this period are 2 for Vegas Golden Knights vs 2 for Anaheim Ducks.
Shots for this period are 7 for Vegas Golden Knights vs 11 for Anaheim Ducks.

Overtime #1


0:01 of 1st overtime period - Adam Henrique wins face-off versus William Karlsson in neutral zone.
0:15 of 1st overtime period - Snap shot by William Karlsson.
0:15 of 1st overtime period - Shot Blocked by Michael Stone.
0:38 of 1st overtime period - Snap shot by Jack Eichel.
0:38 of 1st overtime period - Stopped by Alex Stalock without a rebound.
0:39 of 1st overtime period - Trevor Zegras wins face-off versus William Karlsson in Anaheim Ducks zone.
2:00 of 1st overtime period - Frank Vatrano is hit by Ivan Barbashev and loses puck.
2:41 of 1st overtime period - Radko Gudas is hit by Nicolas Hague and loses puck.
2:58 of 1st overtime period - Wrist shot by Jonathan Marchessault.
2:58 of 1st overtime period - Shot Blocked by Mason McTavish.
3:00 of 1st overtime period - Wrist shot by Ivan Barbashev.
3:00 of 1st overtime period - Shot Misses the Net.
3:32 of 1st overtime period - Jonathan Marchessault is hit by Michael Stone and loses puck.
3:59 of 1st overtime period - Brayden McNabb is hit by Dmitry Kulikov and loses puck.
4:12 of 1st overtime period - Slapshot by Ryan Strome.
4:12 of 1st overtime period - Shot Misses the Net.
Goals for this period are 0 for Vegas Golden Knights vs 0 for Anaheim Ducks.
Shots for this period are 1 for Vegas Golden Knights vs 0 for Anaheim Ducks.

ShootOut


5:00 of 1st overtime period - Round #1.
5:00 of 1st overtime period - Vegas Golden Knights, Jack Eichel.
5:00 of 1st overtime period - Deke by Jack Eichel.
5:00 of 1st overtime period - Goal by Jack Eichel.
5:00 of 1st overtime period - Anaheim Ducks, Troy Terry.
5:00 of 1st overtime period - Snap shot by Troy Terry.
5:00 of 1st overtime period - Stopped by Logan Thompson.
5:00 of 1st overtime period - Round #2.
5:00 of 1st overtime period - Vegas Golden Knights, Jonathan Marchessault.
5:00 of 1st overtime period - Wrist shot by Jonathan Marchessault.
5:00 of 1st overtime period - Stopped by Alex Stalock.
5:00 of 1st overtime period - Anaheim Ducks, Trevor Zegras.
5:00 of 1st overtime period - Wrist shot by Trevor Zegras.
5:00 of 1st overtime period - Shot Misses the Net.
5:00 of 1st overtime period - Round #3.
5:00 of 1st overtime period - Vegas Golden Knights, Paul Cotter.
5:00 of 1st overtime period - Deke by Paul Cotter.
5:00 of 1st overtime period - Stopped by Alex Stalock.
5:00 of 1st overtime period - Anaheim Ducks, Adam Henrique.
5:00 of 1st overtime period - Snap shot by Adam Henrique.
5:00 of 1st overtime period - Shot Misses the Net.